 Dungeon Crawl Stone Soup version 0.21-a0-442-g848f44b (webtiles) character file.

30 Autsider the Digger (level 3, 0/20 HPs)
             Began as a Gargoyle Earth Elementalist on Nov 13, 2017.
             Slain by Terence
             ... wielding a +0 short sword
              (2 damage)
             ... on level 2 of the Dungeon.
             The game lasted 00:04:56 (1544 turns).

Autsider the Digger (Gargoyle Earth Elementalist)   Turns: 1544, Time: 00:04:56

Health: 0/20       AC:  7    Str: 11    XL:     3   Next: 18%
Magic:  4/6        EV: 12    Int: 16    God:
Gold:   62         SH:  0    Dex: 10    Spells: 2/6 levels left

rFire    + . .     SeeInvis .   f - +0 club
rCold    x . .     Gourm    .   (no shield)
rNeg     + . .     Faith    .   c - +0 robe
rPois    ∞         Spirit   .   r - +0 helmet
rElec    +         Reflect  .   (no cloak)
rCorr    .         Harm     .   o - +0 pair of gloves
MR       .....                  (no boots)
Stlth    ++........             (no amulet)
HPRegen  0.06/turn              u - ring of fire
MPRegen  0.10/turn              (no ring)

@: no status effects
A: negative energy resistance 1, electricity resistance, unbreathing,
petrification resistance, rot immunity, AC +3
a: no special abilities


You were on level 2 of the Dungeon.
You were hungry.

You visited 1 branch of the dungeon, and saw 3 of its levels.

You collected 62 gold pieces.

Inventory:

Hand Weapons
 f - a +0 club (weapon)
Missiles
 b - 79 stones (quivered)
Armour
 c - a +0 robe (worn)
 o - a +0 pair of gloves (worn)
 r - a +0 helmet (worn)
Jewellery
 u - a ring of fire (left hand)
 w - an uncursed ring of protection from magic {unknown}
Wands
 x - a wand of polymorph (15/24)
Scrolls
 j - a scroll of identify
 l - a scroll of blinking {unknown}
 m - 2 scrolls of teleportation {unknown}
 n - a scroll of recharging {unknown}
 p - a scroll of enchant armour {unknown}
 q - 2 scrolls of fear {unknown}
 v - a scroll of noise {unknown}
 y - a scroll of magic mapping {unknown}
Potions
 h - a potion of cancellation {unknown}
 i - a potion of flight {unknown}
 s - 2 potions of mutation {unknown}
 t - a potion of curing {unknown}
 z - a potion of invisibility {unknown}
 A - a potion of agility {unknown}
Books
 e - a book of Geomancy

   Spells                             Type                      Level
   a - Sandblast                      Earth                        1
   b - Passwall                       Transmutation/Earth          2
   c - Stone Arrow                    Conjuration/Earth            3
   d - Petrify                        Transmutation/Earth          4
   e - Lee's Rapid Deconstruction     Earth                        5
Comestibles
 a - 3 chunks of flesh
 d - 2 bread rations
 g - a royal jelly
 k - a meat ration


   Skills:
 + Level 0.5 Fighting
 + Level 1.3 Maces & Flails
 - Level 1.5 Dodging
 - Level 2.1 Stealth
 + Level 2.2 Spellcasting
   Level 0.7 Transmutations
 + Level 4.3 Earth Magic


You had 2 spell levels left.
You knew the following spells:

 Your Spells              Type           Power        Failure   Level  Hunger
a - Sandblast             Erth           ###...       3%          1    #......
b - Stone Arrow           Conj/Erth      #.....       24%         3    ###....


Dungeon Overview and Level Annotations

Branches:
Dungeon (3/15)

Altars:

Annotations:
D:2 Terence


Innate Abilities, Weirdness & Mutations

You are resistant to torment.
Your stone body is resilient. (AC +3)
You are immune to poison.
You resist negative energy. (rN+)
You are resistant to electric shocks. (rElec)
You can survive without breathing.
You are immune to petrification.
You are immune to rotting.


Message History

Terence hits you but does no damage.
You hit Terence.
Terence is severely wounded.
Terence hits you but does no damage.
You barely miss Terence.
Terence is severely wounded.
Terence barely misses you.
You barely miss Terence.
Terence is severely wounded.
Terence hits you but does no damage. x2
You closely miss Terence.
Terence is severely wounded.
Terence hits you but does no damage.
You barely miss Terence.
Terence is severely wounded.
Terence closely misses you.
You hit Terence but do no damage.
Terence is severely wounded.
Terence hits you with a short sword.
You die...

#.####.# ###)..## #.# #......#
#......###.#
######..###.####.#........#
#.......# #........#..#####
#.#####.# ##########..# #.# #.#
#..# #.# #.# #..# ##.##
#.############..###### ##...##
#.....@@.............#
###.....###..###########.#####.#
.........##..# #...# #.#
##...........# #...# #.#
............## ####...####.#
##..<...##### #......<..#.#
###...## ##.........#.# #.###
#............# #.#
#.###.(.######


You could see Terence.

Vanquished Creatures
  A leopard gecko (D:1)
  4 bats
  A giant cockroach (D:1)
  3 goblins (D:1)
  5 hobgoblins
  2 jackals (D:2)
  A quokka (D:2)
  3 frilled lizards
  3 kobolds
  3 rats
26 creatures vanquished.

Notes
Turn   | Place    | Note
-------+----------+-------------------------------------------
     0 | D:1      | Autsider the Gargoyle Earth Elementalist began the quest for the Orb.
     0 | D:1      | Reached XP level 1. HP: 10/10 MP: 3/3
   142 | D:1      | Reached skill level 4 in Earth Magic
   241 | D:1      | Reached XP level 2. HP: 14/15 MP: 5/5
   860 | D:2      | Found a faded altar of an unknown god.
   865 | D:2      | Reached skill level 1 in Maces & Flails
   900 | D:2      | Reached XP level 3. HP: 14/20 MP: 6/6
  1132 | D:2      | Learned a level 3 spell: Stone Arrow
  1448 | D:3      | Noticed Terence
  1536 | D:2      | HP: 1/20 [Terence/short sword (2)]
  1544 | D:2      | Slain by Terence

Vault maps used:
D:1:      sevenhm_arrival_forest_fort_small_4
D:2:      chequers_ecumenical_altar_simple_redux
D:3:      gammafunk_temple_overflow_elements, hangedman_abyss_or_decor_stabs,
          uniq_terence

Skill      XL: |  1  2 |
---------------+-------+-----
Earth Magic    | 4 |  4.3
Maces & Flails | 1 |  1.3
Fighting       | |  0.5
Dodging        | |  1.5
Stealth        | |  2.1
Spellcasting   | |  2.2
Transmutations | |  0.7

Action                   || total
-------------------------++-------
Melee: Club              ||   167
       Unarmed           ||     2
 Cast: Sandblast         ||    20
Evoke: Wand              ||     2
  Use: Scroll            ||     1
 Stab: Sleeping          ||     4
  Eat: Chunk             ||     2
Armor: Robe              ||    77
Dodge: Dodged            ||   116

Table legend:
 A = Spawn XP
 B = Non-spawn XP
 C = Spawn XP percentage of total XP
 D = Spawn monster count
 E = Non-spawn monster count
 F = Spawn count percentage of total count
 G = Total turns spent on level
                    A         B        C        D         E        F      G
               +---------+---------+-------+---------+---------+-------+---------
         Total |       0 |      43 |   0.0 |       0 |      26 |   0.0 |  1544
               +---------+---------+-------+---------+---------+-------+---------
           D:1 |       0 |      25 |   0.0 |       0 |      15 |   0.0 |   658
           D:2 |       0 |      18 |   0.0 |       0 |      11 |   0.0 |   820
               +---------+---------+-------+---------+---------+-------+---------
